Map: Golden Wall LE

Players

Solar - Winner!

  • Race: Zerg Zerg
  • League: Master
  • Spawn Location: 7:00

RagnaroK (SHIN)

  • Race: Zerg Zerg
  • League: Master
  • Spawn Location: 5:00

Event: War Chest Team League

VOD

Have the link to the VOD?

Description

Time

  • Played on: July 31, 2020, 11:45 a.m.
  • Length: 10:32
Show
View Real Time Build Order
Export as new Build Order

Solar Zerg - Winner!

Build Orders: Hatch First 

Get SALT Encoding   

  12  0:01  Drone  
  13  0:12  Overlord  
  13  0:16  Drone  
  14  0:31  Drone x2  
  16  0:48  Hatchery  
  15  0:51  Drone  
  15  0:54  Drone  
  17  0:58  Drone  
  18  1:08  Extractor  
  17  1:13  Spawning Pool  
  17  1:17  Drone  
  17  1:20  Drone  
  18  1:30  Drone  
  19  1:38  Drone  
  20  1:50  Drone  
  21  2:00  Queen x2  
  25  2:01  Zergling x2  
  25  2:02  Overlord  
  26  2:11  Drone x2  
  28  2:23  Zergling x2  
  28  2:24  Zergling x2  
  30  2:36  Zergling x2  
  30  2:40  Drone  
  30  2:42  Queen  
  33  2:46  Drone  
  33  2:48  Drone  
  33  2:55  Overlord  
  33  2:56  Drone  
  34  3:04  Drone x2, Evolution Chamber  
  35  3:14  Drone x3  
  35  3:15  Drone  
  35  3:18  Drone  
  40  3:24  Roach Warren  
  40  3:26  Drone  
  40  3:30  Zerg Missile Weapons Level 1  
  40  3:34  Overlord  
  40  3:37  Drone  
  40  3:40  Drone  
  42  3:42  Extractor x2  
  42  3:43  Drone  
  42  3:44  Drone  
  42  3:47  Drone  
  43  3:53  Evolution Chamber  
  43  3:54  Evolution Chamber  
  40  3:58  Spine Crawler  
  40  3:59  Evolution Chamber  
  36  4:05  Roach x2, Evolution Chamber  
  36  4:06  Roach x2  
  44  4:12  Roach, Evolution Chamber  
  46  4:18  Spore Crawler  
  46  4:20  Roach x2  
  46  4:23  Roach  
  52  4:24  Roach  
  52  4:29  Overlord  
  53  4:34  Overlord  
  46  4:39  Zergling x2  
  46  4:40  Queen  
  45  4:46  Zergling x2  
  45  4:51  Drone  
  47  4:53  Drone  
  47  4:59  Drone  
  45  5:04  Queen  
  47  5:13  Roach Warren  
  46  5:16  Drone  
  46  5:18  Drone  
  46  5:20  Drone  
  49  5:23  Drone  
  49  5:26  Drone  
  51  5:35  Lair  
  51  5:36  Drone  
  51  5:41  Overlord  
  52  5:43  Drone  
  52  5:49  Drone x2  
  55  5:50  Drone  
  55  5:52  Drone  
  55  5:55  Overlord  
  57  5:58  Drone  
  58  6:05  Drone  
  58  6:10  Drone  
  60  6:15  Drone x2  
  60  6:16  Roach x2  
  66  6:20  Overlord  
  66  6:31  Glial Reconstitution  
  66  6:32  Overseer  
  66  6:34  Drone x2  
  66  6:37  Overlord  
  66  6:39  Roach x2  
  72  6:43  Overlord  
  72  6:51  Roach x2  
  76  7:04  Overlord  
  76  7:05  Roach x4  
  84  7:13  Hatchery  
  83  7:16  Zerg Missile Weapons Level 2  
  83  7:18  Roach x2  
  83  7:21  Overlord  
  87  7:25  Roach  
  87  7:26  Overlord  
  87  7:28  Ravager  
  90  7:30  Roach  
  90  7:34  Roach  
  90  7:35  Roach  
  96  7:40  Roach x2  
  96  7:43  Roach  
  102  7:45  Roach  
  102  7:48  Roach  
  102  7:50  Roach  
  108  7:58  Overlord  
  108  7:59  Roach x2  
  108  8:01  Roach  
  108  8:05  Overlord  
  114  8:11  Roach  
  116  8:15  Overlord  
  116  8:16  Overlord  
  116  8:20  Roach x2  
  116  8:25  Roach  
  122  8:29  Ravager  
  122  8:30  Roach  
  125  8:34  Roach  
  125  8:35  Roach  
  125  8:39  Roach  
  131  8:42  Roach  
  131  8:47  Roach x2  
  139  8:48  Roach  
  139  8:51  Roach  
  139  8:54  Overlord  
  141  8:57  Roach  
  141  9:01  Roach x2  
  148  9:02  Ravager  
  148  9:03  Ravager  
  148  9:06  Roach x2  
  148  9:08  Overlord  
  153  9:12  Overlord  
  153  9:19  Overlord  
  153  9:23  Overlord  
  153  9:26  Overlord  
  153  9:27  Roach x2  
  153  9:28  Roach  
  159  9:31  Roach x2  
  159  9:37  Roach x2  
  167  9:42  Roach x2  
  168  9:46  Roach  
  168  9:52  Roach x2  
  146  9:55  Roach x2  
  146  9:56  Roach x2  
  146  9:57  Roach  
  136  10:01  Roach  
  136  10:02  Roach  
  136  10:05  Roach  
  126  10:10  Roach x2  
  126  10:12  Roach  
  115  10:18  Extractor  
Show
View Real Time Build Order
Export as new Build Order

RagnaroK Zerg 

Build Orders: Pool First 

Get SALT Encoding   

  12  0:00  Drone  
  13  0:12  Overlord  
  13  0:17  Drone  
  14  0:31  Drone x2  
  16  0:41  Spawning Pool  
  15  0:45  Drone  
  15  0:48  Drone  
  17  1:09  Hatchery  
  16  1:12  Drone  
  17  1:18  Extractor  
  16  1:27  Zergling x2  
  16  1:28  Zergling x4  
  19  1:34  Queen  
  21  1:40  Overlord  
  21  1:51  Drone  
  22  2:01  Drone  
  23  2:09  Queen  
  23  2:13  Drone  
  26  2:19  Metabolic Boost  
  26  2:22  Queen  
  28  2:28  Zergling x2  
  29  2:32  Zergling x2  
  29  2:46  Zergling x2  
  29  2:51  Zergling x2, Overlord  
  29  2:52  Zergling x6  
  29  2:54  Zergling x2  
  29  2:55  Zergling x2  
  34  3:05  Zergling x2  
  34  3:07  Zergling x2, Evolution Chamber  
  35  3:15  Overlord  
  35  3:17  Zergling x2  
  36  3:25  Zergling x6  
  39  3:27  Evolution Chamber  
  39  3:31  Roach Warren  
  38  3:35  Zergling x2  
  38  3:38  Zergling x2  
  40  3:42  Zergling x2  
  40  3:44  Zergling x2  
  40  3:47  Zergling x2  
  43  3:50  Zergling x2  
  43  3:54  Zergling x2  
  46  3:55  Zergling x2  
  46  4:01  Zergling x2  
  47  4:06  Zergling x2  
  47  4:13  Zergling x2  
  47  4:15  Zergling x2  
  46  4:18  Zergling x4  
  46  4:19  Zergling x2  
  49  4:24  Zergling x2  
  49  4:26  Zergling x6  
  49  4:29  Zergling x2  
  49  4:36  Zergling x2  
  44  4:38  Zergling x2  
  44  4:45  Zergling x2  
  39  4:46  Zergling x2, Drone  
  39  4:48  Drone  
  39  4:49  Drone  
  41  4:56  Drone  
  41  4:57  Drone x2  
  41  4:58  Drone  
  42  5:03  Drone  
  42  5:11  Drone  
  43  5:15  Roach Warren, Drone  
  43  5:17  Drone  
  43  5:20  Drone  
  45  5:23  Drone  
  45  5:25  Drone  
  45  5:28  Drone  
  48  5:30  Drone  
  48  5:32  Extractor  
  48  5:35  Drone  
  48  5:36  Drone  
  50  5:43  Drone x2  
  50  5:49  Zerg Missile Weapons Level 1  
  52  5:51  Overlord  
  52  5:52  Overlord  
  52  5:59  Overlord  
  52  6:03  Extractor  
  51  6:10  Drone x6  
  57  6:12  Drone  
  57  6:15  Lair  
  58  6:21  Overlord, Roach  
  60  6:27  Roach  
  60  6:28  Roach  
  60  6:31  Roach  
  65  6:36  Overlord  
  65  6:37  Roach  
  67  6:47  Hatchery  
  67  6:49  Roach  
  68  6:55  Overlord, Roach  
  68  6:59  Roach  
  68  7:00  Roach  
  74  7:03  Roach  
  74  7:05  Roach  
  74  7:07  Roach  
  80  7:12  Glial Reconstitution  
  80  7:13  Roach  
  82  7:17  Overseer  
  82  7:20  Extractor, Overlord  
  82  7:22  Roach  
  83  7:24  Roach  
  83  7:26  Drone  
  83  7:27  Drone  
  83  7:29  Roach  
  89  7:33  Roach  
  91  7:46  Zerg Missile Weapons Level 2  
  91  7:51  Overlord, Roach  
  93  7:52  Roach  
  93  7:54  Roach  
  93  7:56  Roach  
  99  7:58  Roach  
  99  8:01  Roach  
  99  8:04  Roach  
  105  8:07  Roach  
  105  8:08  Roach  
  105  8:10  Roach  
  105  8:12  Roach  
  113  8:15  Overlord  
  113  8:18  Roach  
  115  8:21  Roach  
  115  8:22  Roach  
  115  8:25  Roach  
  121  8:27  Overlord  
  121  8:32  Overlord  
  121  8:34  Roach  
  121  8:36  Roach  
  121  8:39  Roach  
  127  8:41  Roach  
  127  8:44  Ravager  
  127  8:46  Ravager  
  127  8:47  Roach  
  133  8:50  Roach  
  135  8:56  Roach  
  135  9:00  Roach  
  139  9:05  Roach  
  139  9:09  Roach  
  143  9:11  Roach  
  143  9:15  Roach  
  143  9:17  Roach  
  143  9:22  Overlord  
  145  9:28  Overlord  
  145  9:34  Overlord  
  145  9:35  Overlord  
  145  9:41  Roach x4  
  151  9:47  Roach  
  151  9:48  Roach  
  151  9:51  Roach  
  118  9:55  Roach  
  118  9:57  Roach  
  101  10:01  Roach  
  101  10:04  Roach  
  91  10:07  Roach  
  91  10:10  Roach  
Tags
 
Add a new tag
Caveats
  • Supply blocks, unpowered buildings, or Contaminate may cause inaccurate times.
  • Supply counts are checked every 10 seconds.